 Dungeon Crawl Stone Soup version 0.20.0-14-g326068f (webtiles) character file.

209 Angani the Chiller (level 5, -3/28 HPs)
             Began as a Tengu Enchanter on June 7, 2017.
             Slain by an ogre
             ... wielding a +0 giant club
              (9 damage)
             ... on level 4 of the Dungeon.
             The game lasted 00:10:23 (6186 turns).

Angani the Chiller (Tengu Enchanter)                Turns: 6186, Time: 00:10:24

Health: -3/28      AC:  0    Str:  8    XL:     5   Next: 87%
Magic:  0/10       EV: 13    Int: 17    God:
Gold:   161        SH:  0    Dex: 14    Spells: 4/10 levels left

rFire    x . .     SeeInvis .   g - +0 short sword
rCold    + . .     Gourm    .   (no shield)
rNeg     . . .     Faith    .   f - -2 robe (curse)
rPois    .         Spirit   .   (helmet restricted)
rElec    .         Reflect  .   (no cloak)
rCorr    .         Harm     .   (no gloves)
MR       .....                  (boots unavailable)
Stlth    ++........             (no amulet)
Regen    0.1/turn               s - ring of wizardry
MPRegen  0.2/turn               a - ring of ice

@: no status effects
A: beak, talons 3, able to fly 1
a: Fly


You were on level 4 of the Dungeon.
You were very hungry.

You visited 1 branch of the dungeon, and saw 4 of its levels.

You collected 161 gold pieces.

Inventory:

Hand Weapons
 g - a +0 short sword (weapon)
Armour
 b - a +0 robe
 f - a cursed -2 robe (worn)
 k - a +2 robe of cold resistance
Jewellery
 a - a ring of ice (right hand)
 e - an uncursed ring of fire
 h - an uncursed ring of flight
 p - an uncursed ring of protection from fire
 s - a ring of wizardry (left hand)
Wands
 l - a wand of iceblast (9/15)
Scrolls
 o - a scroll of fear
 q - a scroll of teleportation
Potions
 i - 2 potions of agility
 j - 2 potions of curing
 t - a potion of resistance {unknown}
Books
 c - a book of Maledictions

   Spells                             Type                      Level
   a - Corona                         Hexes                        1
   b - Ensorcelled Hibernation        Hexes/Ice                    2
   c - Confuse                        Hexes                        3
   d - Tukima's Dance                 Hexes                        3
   e - Dazzling Spray                 Conjuration/Hexes            3
Comestibles
 d - 3 bread rations
 m - 3 meat rations
 n - 2 royal jellies
 r - 6 fruits


   Skills:
 - Level 1.9 Short Blades
 - Level 2.5 Dodging
 - Level 3.0 Stealth
 + Level 3.2 Spellcasting
 - Level 2.1 Hexes
 - Level 3.7 Ice Magic


You had 4 spell levels left.
You knew the following spells:

 Your Spells              Type           Power        Failure   Level  Hunger
a - Corona                Hex            ##.....      2%          1    None
b - Ensorcelled Hibernat  Hex/Ice        ###...       3%          2    ##.....
c - Confuse               Hex            ##......     9%          3    ###....


Dungeon Overview and Level Annotations

Branches:
Dungeon (4/15)
 Temple: D:4-7

Altars:
Gozag


Innate Abilities, Weirdness & Mutations

You have a beak for a mouth.
You have claws for feet.
You can fly.


Message History

You barely miss the ogre. You claw the ogre.
The ogre is lightly wounded.
You hit the ogre. Your peck misses the ogre.
The ogre is moderately wounded.
The ogre misses you.
You hit the ogre. You claw the ogre, but do no damage.
The ogre is moderately wounded.
The ogre closely misses you.
You hit the ogre. You claw the ogre.
The ogre is heavily wounded.
The ogre seems less confused.
The ogre hits you with a giant club!
* * * LOW HITPOINT WARNING * * *
Casting: Confuse
Confirm with . or Enter, or press ? or * to list all spells.
Aiming: Confuse
Press: ? - help, Shift-Dir - straight line, f/p - ogre
Aim: an ogre, wielding a giant club (heavily wounded, chance to defeat MR: 41%)
The ogre resists with some effort.
The ogre hits you with a giant club!
You die...

###########
#..O@.....#
#.#######.#
#.# #.# #.#
#.##### #.#
#....<# #.#
#########
#.#
#.......#
#.#
#.####.##
###.# #.#
#.#


You could see an ogre.

Vanquished Creatures
  Jessica (D:3)
  A worker ant (D:3)
  A worker ant zombie (D:3)
  Robin (D:3)
  5 adders
  2 oozes
  A worm (D:3)
  7 giant cockroaches
  15 goblins
  12 hobgoblins
  8 kobolds
  A quokka (D:3)
  2 ball pythons
  11 bats
  2 frilled lizards (D:3)
  5 rats
75 creatures vanquished.

Vanquished Creatures (others)
  A bat (D:1)
  A hobgoblin (D:1)
2 creatures vanquished.

Grand Total: 77 creatures vanquished

Notes
Turn   | Place    | Note
-------+----------+-------------------------------------------
     0 | D:1      | Angani the Tengu Enchanter began the quest for the Orb.
     0 | D:1      | Reached XP level 1. HP: 10/10 MP: 4/4
   654 | D:1      | Reached XP level 2. HP: 11/15 MP: 4/6
   730 | D:1      | Learned a level 2 spell: Ensorcelled Hibernation
  1255 | D:1      | Reached skill level 1 in Ice Magic
  1784 | D:1      | Reached XP level 3. HP: 19/19 MP: 7/7
  3199 | D:2      | Reached XP level 4. HP: 23/24 MP: 1/8
  3648 | D:3      | Noticed Jessica
  3773 | D:3      | Killed Jessica
  3833 | D:3      | Found an opulent altar of Gozag.
  3913 | D:3      | Learned a level 3 spell: Confuse
  4217 | D:3      | Gained mutation: You can fly. [Tengu growth]
  4217 | D:3      | Reached XP level 5. HP: 13/28 MP: 1/9
  4657 | D:3      | Noticed Robin
  5761 | D:3      | Killed Robin
  6105 | D:4      | Noticed an ogre
  6186 | D:4      | Slain by an ogre

Skill      XL: |  1  2  3  4  5 |
---------------+----------------+-----
Ice Magic      | 1 2 3 |  3.7
Spellcasting   | 3 |  3.2
Short Blades   | |  1.9
Dodging        | |  2.5
Stealth        | |  3.0
Hexes          | |  2.1

Action                   |  1- 3 |  4- 6 || total
-------------------------+-------+-------++-------
Melee: Dagger            |    20 |       ||    20
       Kick              |    11 |    30 ||    41
       Short sword       |    87 |   112 ||   199
       Peck              |     8 |    14 ||    22
 Cast: Corona            |    16 |     2 ||    18
       Ensorcelled Hiber |     7 |    39 ||    46
       Confuse           |       |     9 ||     9
 Abil: Fly               |       |     1 ||     1
  Use: Scroll            |       |     8 ||     8
       Potion            |       |     5 ||     5
 Stab: Sleeping          |    12 |    25 ||    37
       Distracted        |       |     1 ||     1
       Confused          |       |     1 ||     1
  Eat: Chunk             |     3 |    12 ||    15
       Bread ration      |     1 |       ||     1
Armor: Robe              |     1 |       ||     1
Dodge: Dodged            |    93 |    72 ||   165
